Unix NetHack Version 5.0.0-0 post-release - last build Jun 10 2026 00:39:30 (3ee93aec679c4c4259841fe613dc97188e26a321,branch:main).

Game began 2026-06-19 02:43:37, ended 2026-06-19 04:36:04.

JohnDarcy, neutral male human Tourist

 ----       ----.--
 |.hGo      |.....|
   Go.      |......###                        -------------
    r\      |.....|  #                        .........`..|    -----
     %      -.--.--  #  ------------          |..........<|   #-...|
     ##     ##       #  |.<...._...|          ............|####|..)|
      @#  ###        # #|...`....^.|          |...........|#   |...|
       @###          ###|..........|  ########|...........|#   -----
       #####           #-...........##########.............#
    ---.------.---.-   #|..........|          -------------
    |..............|   Z|..........|
    |..............-####------------
    |..............|
    |...............##########
    ----------------

JohnDarcy the Excursionist  St:13 Dx:13 Co:17 In:13 Wi:10 Ch:14  Neutral
Dlvl:7  $:226 HP:0(51) Pw:32(32) AC:7  Xp:7 T:4954 

Latest messages:
 The Elvenking hits again!
 Lurch bites it.
 It swings its mace at Lurch.
 It misses Lurch.
 It swings its mace at Lurch.
 It hits Lurch.
 Lurch bites it.
 What do you want to drink? [t-yFGJKN or ?*] ?
 You feel better.
 Lurch bites it.
 It swings its mace at Lurch.
 It hits Lurch.
 It swings its mace at Lurch.
 It misses Lurch.
 The hobgoblin swings his curved sword.
 The hobgoblin misses!
 Lurch bites the hobgoblin.
 A giant rat suddenly appears close by!
 What do you want to throw? [$aI or ?*] a
 In what direction? 7
 You throw 2 darts.
 The 1st dart hits the hobgoblin!
 You kill the hobgoblin!
 The 2nd dart hits it!
 The Elvenking picks up a blessed +2 dart.
 What do you want to throw? [$aI or ?*] a
 In what direction? 7
 The dart hits the Elvenking!
 You hear some noises.
 The Elvenking swings his mace.
 The Elvenking hits!
 The Elvenking swings his mace.
 The Elvenking hits again!
 What do you want to throw? [$aI or ?*] a
 In what direction? 7
 You throw 2 darts.
 The 1st dart hits the Elvenking!
 The 2nd dart hits the Elvenking.
 It bites the giant rat.
 The giant rat is killed!
 The Elvenking swings his mace.
 The Elvenking hits!
 The Elvenking swings his mace.
 The Elvenking hits again!
 You die...
 Do you want your possessions identified? [ynq] (y) y
 Do you want to see your attributes? [ynq] (y) y
 Do you want an account of creatures vanquished? [ynaq] (y) y
 Do you want to see your conduct and achievements? [ynq] (y) y
 Do you want to see the dungeon overview? [ynq] (y) y

Inventory:
 Coins    ('$')
  $ - 226 gold pieces
 Weapons  (')')
  a - 5 blessed +2 darts (at the ready)
  I - 6 +0 daggers
  s - the +0 Sting (weapon in right hand, flickering light blue)
 Armor    ('[')
  L - an uncursed +0 dwarvish iron helm (being worn)
  d - an uncursed +0 pair of leather gloves (being worn)
  U - an uncursed +0 dwarvish roundshield
  k - an uncursed +0 Hawaiian shirt with a parrot motif (being worn)
 Comestibles  ('%')
  j - an uncursed eucalyptus leaf
  e - an uncursed food ration
  n - 3 uncursed lichen corpses
 Scrolls  ('?')
  C - an uncursed scroll of amnesia
  b - a blessed scroll of blank paper
  D - an uncursed scroll of blank paper
  E - 3 uncursed scrolls of blank paper
  g - an uncursed scroll of enchant armor
  Y - 2 uncursed scrolls of teleportation
 Potions  ('!')
  J - an uncursed potion of blindness
  w - 3 uncursed potions of confusion
  F - an uncursed potion of gain energy
  t - 2 uncursed potions of hallucination
  G - a blessed potion of healing
  N - an uncursed potion of monster detection
  v - an uncursed potion of paralysis named c
  x - an uncursed potion of paralysis
  u - an uncursed potion of restore ability
  K - an uncursed potion of see invisible
  y - an uncursed potion of sickness
 Rings    ('=')
  P - an uncursed ring of free action
 Wands    ('/')
  T - a wand of cancellation (0:2)
  V - a wand of opening (0:0)
  S - a wand of secret door detection (0:11)
 Tools    ('(')
  h - an uncursed blindfold
  Z - an uncursed blindfold
  m - an uncursed credit card
  c - an expensive camera (0:56)
  X - an uncursed skeleton key
  q - an uncursed tin whistle
  z - an uncursed towel

JohnDarcy the Tourist's attributes:

Background:
 You were an Excursionist, a level 7 male human Tourist.
 You were neutral, on a mission for The Lady
 who was opposed by Blind Io (lawful) and Offler (chaotic).
 You were right-handed.
 You were in the Dungeons of Doom, on level 7.
 You entered the dungeon 4954 turns ago.
 It was nighttime.
 You had 882 experience points, 398 more were needed to attain level 8.

Basics:
 You had 0 out of 51 hit points.
 You had all 32 energy points (spell power).
 Your armor class was 7.
 Your wallet contained 226 zorkmids.
 Autopickup was off.

Final Characteristics:
 Your strength was 13 (limit:18/100).
 Your dexterity was 13 (limit:18).
 Your constitution was 17 (limit:18).
 Your intelligence was 13 (limit:18).
 Your wisdom was 10 (limit:18).
 Your charisma was 14 (limit:18).

Final Status:
 You weren't hungry.
 You were unencumbered.
 You were wielding a dagger.
 You had basic skill with dagger.

Final Attributes:
 You were piously aligned.
 You were telepathic.
 You were aware of the presence of orcs.
 You are dead.

Miscellaneous:
 You encountered 1 bones level.
 Total elapsed playing time was 1 hour, 52 minutes and 26 seconds.

Major events:
 Turn
    1: JohnDarcy the neutral male human Tourist entered the dungeon
 1194: became literate by naming Sting
 1362: entered the Gnomish Mines
 1378: attained the rank of Sightseer (level 3)
 2059: attained the rank of Excursionist (level 6)
 2428: reached Mine Town
 4954: killed by an Elvenking

You didn't know any spells.

Skills:
 Fighting Skills
   bare handed combat [Unskilled]
   two weapon combat  [Unskilled]
   riding             [Unskilled]
 Weapon Skills
   dagger             [Basic]
   knife              [Unskilled]
   axe                [Unskilled]
   pick-axe           [Unskilled]
   short sword        [Unskilled]
   broadsword         [Unskilled]
   long sword         [Unskilled]
   two-handed sword   [Unskilled]
   saber              [Unskilled]
   mace               [Unskilled]
   morning star       [Unskilled]
   flail              [Unskilled]
   hammer             [Unskilled]
   quarterstaff       [Unskilled]
   polearms           [Unskilled]
   spear              [Unskilled]
   trident            [Unskilled]
   lance              [Unskilled]
   bow                [Unskilled]
   sling              [Unskilled]
   crossbow           [Unskilled]
   dart               [Skilled]
   shuriken           [Unskilled]
   boomerang          [Unskilled]
   whip               [Unskilled]
   unicorn horn       [Unskilled]
 Spellcasting Skills
   divination spells  [Unskilled]
   enchantment spells [Unskilled]
   escape spells      [Unskilled]

Voluntary challenges:
 Character rerolling was not enabled.
 You never genocided any monsters.
 You never polymorphed an object.
 You never changed form.
 You used no wishes.
Achievements:
 You entered a shop.
 You entered the Gnomish Mines.
 You attained the rank of Sightseer.
 You attained the rank of Excursionist.
 You entered Minetown.
 You entered a temple.

 The Dungeons of Doom: levels 1 to 7
    Level 1:
    Level 2:
       A potion shop, some fountains.
       Stairs down to The Gnomish Mines.
    Level 3:
       An armor shop, a grave.
    Level 4:
       An altar.
    Level 5:
    Level 6:
    Level 7: <- You were here.
       An altar to The Lady, a throne.
       Final resting place for
          you, killed by an Elvenking.
 The Gnomish Mines: levels 3 to 5
    Level 3:
    Level 4:
    Level 5:
       Many shops, a temple and an altar, some fountains, some graves.
       Final resting place for
          uhuhright-Wiz-Hum-Mal-Neu, killed by an owlbear,
          jvanheel-Rog-Hum-Mal-Cha, killed by a sewer rat.


Vanquished creatures:
  a ghost
  4 wolves
 an owlbear
  a dingo
  2 apes
  2 Uruk-hai
 an orc shaman
  2 rock piercers
  a rock mole
  3 yellow lights
  a gnome leader
  a kobold mummy
 an elf zombie
  a paper golem
  5 giant ants
  3 floating eyes
  4 dwarves
  a kobold leader
  4 hill orcs
  a monkey
  a dwarf zombie
 an iguana
  2 coyotes
  2 gas spores
  2 hobbits
  2 manes
  4 hobgoblins
  a giant rat
 12 gnomes
  a gnome zombie
  7 jackals
  2 foxes
  a goblin
  4 sewer rats
 13 grid bugs
  3 lichens
 10 newts
108 creatures vanquished.

No species were genocided or became extinct.

Game over:
                       ----------
                      /          \
                     /    REST    \
                    /      IN      \
                   /     PEACE      \
                  /                  \
                  |    JohnDarcy     |
                  |      226 Au      |
                  |   killed by an   |
                  |    Elvenking     |
                  |                  |
                  |                  |
                  |       2026       |
                 *|     *  *  *      | *
        _________)/\\_//(\/(/\)/\//\/|_)_______

Aloha JohnDarcy the Tourist...

You died in The Dungeons of Doom on dungeon level 7 with 3878 points,
and 226 pieces of gold, after 4954 moves.
You were level 7 with a maximum of 51 hit points when you died.

